[Event "26th OIBM 2023"]
[Site "Gmund am Tegernsee"]
[Date "2023.10.31"]
[Round "4.1"]
[White "Schmider, Niklas"]
[Black "Bauer, Christian"]
[Result "1-0"]
[ECO "C11"]
[WhiteElo "2395"]
[BlackElo "2552"]
[Annotator "TA"]
[PlyCount "89"]
[EventDate "2023.10.04"]
[EventType "swiss"]
[EventCountry "GER"]
[SourceTitle "playchess.com"]
[Source "ChessBase"]
[SourceQuality "1"]
[TimeControl "40/5400+30:1800+30"]

1. e4 e6 2. d4 d5 3. Nc3 Nf6 4. e5 Ng8 5. Nf3 c5 6. dxc5 {[%emt 0:00:40] C11: French: Classical System: 4 e5 and 4 Bg5 dxe4.} Bxc5 7. Bd3 Nc6 8. O-O {[%emt 0:03:11] White is slightly better.} (8. Na4 $5 ) 8... a6 {[%emt 0:06:01] Wards off Nb5} 9. Bf4 Nge7 10. Re1 Ng6 11. Bg3 O-O {[%emt 0:08:35] [#]} 12. h4 $146 ({Predecessor:} 12. Qd2 Bd7 13. a3 Kh8 14. b4 Bb6 15. h4 f5 16. exf6 Qxf6 17. Na4 Ba7 18. Nc5 Bxc5 19. bxc5 {1-0 Hermlin,A (2300)-Nevanlinna,R (2285) Jyvaskyla We JyS op 1997 (3)}) 12... f5 13. exf6 gxf6 14. Bxg6 (14. Na4 {simplifies} Ba7 15. c4 e5 16. Bxg6 hxg6 17. cxd5 Nd4 18. Nxd4 Bxd4 19. Qb3) 14... hxg6 15. Qd3 Ne7 16. h5 g5 17. Rad1 Qe8 18. h6 {[%emt 0:15:24][%cal Of3g5] Nxg5! is the strong threat.} Qh5 19. Na4 Ba7 {[%emt 0:00:07] White must now prevent ...Nf5.} 20. Bd6 Rf7 21. Nh2 (21. Bxe7 $17 Rxe7 22. Nc3 Qxh6 23. Nxd5) 21... Bd7 $19 (21... Qxh6 22. Ng4 Qh8 23. Bxe7 Rxe7 24. Qg6+ Kf8 25. Rd3 $17 (25. Qxf6+ $2 Qxf6 26. Nxf6 Rf7 $19)) 22. Nc5 Bxc5 23. Bxc5 Ng6 24. Bd6 Rc8 25. b3 (25. Ng4 e5 26. Nxe5 fxe5 27. Bxe5 Nf4 28. Bxf4 gxf4) (25. Rd2 {is a better defense.}) 25... e5 (25... Qxh6 $2 26. Ng4 Qh5 27. Qf3 $19) 26. Qxd5 Nf4 27. Qxb7 (27. Qf3 Qxh6 28. Rd2) 27... Qxh6 $2 (27... Rh7 $19 28. Bxe5 (28. Qxa6 Rxh6 29. f3 Qxh2+ 30. Kf2 Rxc2+ 31. Ke3 Nxg2+ 32. Kd3 Nxe1+ 33. Rxe1 Bf5+ 34. Ke3 Qf4#) 28... Qxh6 29. Bxf4 (29. Rxd7 $2 Qxh2+ 30. Kf1 Qh1#) 29... gxf4 30. Rxd7 Qxh2+ 31. Kf1 Qh1+ 32. Ke2 Re8+ {[%mdl 64] Skewer} 33. Kd3 Rxd7+ 34. Qxd7 Qxe1 35. Qd5+ Kg7 36. Qd7+ Kg8 37. Qd5+ Kg7 38. Qd7+ Kh6) 28. Bf8 $11 Qxf8 (28... Kxf8 $2 29. Rxd7 Rxd7 30. Qxc8+ Ke7 31. Ng4 $18 (31. Qxa6 Qh5 $16)) 29. Rxd7 Rxd7 (29... Rxc2 $11 30. Ng4 (30. Rxf7 Qxf7 31. Qxa6 Qd5 $11) 30... Kg7) 30. Qxd7 $18 Rxc2 {[%emt 0:00:01] [#]} 31. g3 (31. Ng4 $1 $16 {aiming for Qf5.} Rxa2 32. Rd1) 31... Ne2+ $11 32. Kg2 Nd4 (32... Rxa2 $2 33. Nf3 (33. Ng4 Qa8+ 34. Kh2 Qf3 $11) 33... Qg7 34. Qe6+ Qf7 35. Qc8+ Qf8 36. Qc6 $18) (32... Qa8+ $11 {keeps the balance.} 33. Kh3 Nf4+ {[%mdl 64] Discovered Attack} 34. gxf4 Rxf2) 33. Ng4 $16 {[%emt 0:00:51] And now Qb7 would win.} Qa8+ (33... Rxa2 34. Qb7 Qg7 35. Qd5+ Kf8 36. Rh1 $18) 34. Kh3 {[%emt 0:00:16] Dancing on a razor blade.} Qf8 (34... Rxa2 35. Nxf6+ Kf8 36. Nh7+ Kg8 37. Nxg5 Rxf2 38. Qh7+ (38. Rxe5 $2 Qh1+ 39. Kg4 Qd1+ $19) 38... Kf8 39. Qh8+ (39. Rxe5 Qh1+ 40. Kg4 Qd1+ 41. Kh3 Qh1+ 42. Kg4 Qd1+ 43. Kh3 Qh1+ $11) 39... Ke7 40. Qxe5+ Kd7 41. Qxd4+) (34... Qc6 $16 35. Qe7 (35. Nh6+ Kh8 $11) 35... Qe6 36. Qxe6+ {[%mdl 64] Remove Defender} (36. Qxf6 Qxf6 37. Nxf6+ Kf7 $16) 36... Nxe6) 35. Kg2 Qa8+ (35... Rxa2 $2 36. Qb7 Ne6 37. Rh1 $18) 36. Kh3 Qf8 {[%emt 0:00:01] [#]} (36... Rxa2 {gets mated.} 37. Nxf6+ Kf8 38. Nh7+ Kg8 39. Nxg5 Rxf2 40. Qh7+ (40. Rxe5 $2 {too greedy.} Qh1+ 41. Kg4 Qd1+ $19) 40... Kf8 41. Qh8+ (41. Rxe5 Qh1+ 42. Kg4 Qd1+ 43. Kh3 Qh1+ 44. Kg4 Qd1+ 45. Kh3 Qh1+ $11) 41... Ke7 42. Qxe5+ Kd7 43. Qxd4+) 37. Rh1 (37. b4 $1 $18) 37... Rc5 (37... Rxa2 $2 38. Rc1 Rc2 39. Rxc2 Nxc2 40. Qf5 $18) (37... f5 $14) 38. Kg2 $40 {[%emt 0:00:41][%mdl 128] White is up to no good. White is more active.} ({White should try} 38. b4 $16 Rc2 39. Qd5+ Kg7 40. Kg2) 38... Qa8+ $11 39. Kh2 Qf8 (39... Rc6 $11) 40. Qa7 {[%emt 0:00:56] Strongly threatening Kg2.} (40. Kg2 Qa8+ 41. Kh2 Rc6 $16) 40... f5 $2 {[%emt 0:01:25] [#]} (40... Ne6 41. Kg2 Rc7 42. Qxa6 Qc8 43. Nxf6+ Kg7 44. Qxc8 Rxc8) 41. Kg2 $1 $18 {[%emt 0:05:43][%csl Gh1][%cal Ra7h7] White is clearly winning.} Rc7 {[%emt 0:00:03] Prevents Qh7+.} 42. Qxc7 Qa8+ 43. Kg1 Ne2+ 44. Kh2 {[%emt 0:00:32] Threatening mate with Nh6+.} fxg4 45. Qxe5 {[%emt 0:01:52] White used his chance. An entertaining game by Schmider.   Weighted Error Value: White=0.47/Black=0.40} (45. Qc4+ $142 Kg7 46. Qxe2) 1-0

[Event "26th OIBM 2023"]
[Site "Gmund am Tegernsee"]
[Date "2023.10.31"]
[Round "4.2"]
[White "Stocek, Jiri"]
[Black "Schachinger, Mario"]
[Result "1-0"]
[ECO "E54"]
[WhiteElo "2535"]
[BlackElo "2385"]
[Annotator "RC"]
[PlyCount "55"]
[EventDate "2023.10.04"]
[EventType "swiss"]
[EventCountry "GER"]
[SourceTitle "playchess.com"]
[Source "ChessBase"]
[SourceQuality "1"]
[TimeControl "40/5400+30:1800+30"]

1. d4 Nf6 2. c4 e6 3. Nc3 Bb4 4. e3 O-O 5. Bd3 d5 6. Nf3 c5 7. O-O cxd4 8. exd4 dxc4 9. Bxc4 b6 10. Re1 Bb7 11. Bb3 Nc6 12. Bg5 Ne7 13. a3 Bd6 14. h4 Bxf3 15. Qxf3 Nf5 16. Rad1 h6 17. d5 hxg5 18. dxe6 Nxh4 19. exf7+ Kh8 20. Qc6 Nf5 21. Nb5 Rc8 22. Qf3 Rc5 23. Nxd6 Nxd6 24. Qg3 Rc6 25. Bd5 Rc7 26. Qh2+ Nh7 27. Be4 g6 28. Bxg6 1-0

[Event "26th OIBM 2023"]
[Site "Gmund am Tegernsee"]
[Date "2023.10.31"]
[Round "4.3"]
[White "Morawietz, Dieter"]
[Black "Gallego Alcaraz, Andres Felipe"]
[Result "1-0"]
[ECO "E95"]
[WhiteElo "2378"]
[BlackElo "2495"]
[Annotator "RC"]
[PlyCount "89"]
[EventDate "2023.10.04"]
[EventType "swiss"]
[EventCountry "GER"]
[SourceTitle "playchess.com"]
[Source "ChessBase"]
[SourceQuality "1"]
[TimeControl "40/5400+30:1800+30"]

1. d4 Nf6 2. c4 g6 3. Nc3 Bg7 4. e4 d6 5. Nf3 O-O 6. Be2 Nbd7 7. O-O e5 8. Re1 exd4 9. Nxd4 Re8 10. Bf1 Ne5 11. Bg5 h6 12. Bh4 Nc6 13. Nc2 g5 14. Bg3 Nd7 15. Qd2 Nc5 16. f3 a5 17. Rad1 Be6 18. b3 Be5 19. Nb5 Qe7 20. Ne3 Nb4 21. Nd5 Bxd5 22. exd5 Qd8 23. f4 gxf4 24. Bxf4 Bxf4 25. Qxf4 Qg5 26. Qxg5+ hxg5 27. Nxc7 Rxe1 28. Rxe1 Rc8 29. Nb5 Nxa2 30. Ra1 Nb4 31. Rxa5 b6 32. Ra1 Rd8 33. Be2 Kg7 34. Rf1 Nc2 35. Rf3 f6 36. Bd1 Nb4 37. Nd4 Kg6 38. Nc6 Nxc6 39. Bc2+ Kf7 40. dxc6 Na6 41. Bf5 d5 42. Rh3 Ke7 43. Rh7+ Kd6 44. cxd5 Nc7 45. Rd7+ 1-0

[Event "26th OIBM 2023"]
[Site "Gmund am Tegernsee"]
[Date "2023.10.31"]
[Round "4.4"]
[White "Besou, Hussain"]
[Black "Vogel, Roven"]
[Result "0-1"]
[ECO "B84"]
[WhiteElo "2351"]
[BlackElo "2471"]
[Annotator "RC"]
[PlyCount "78"]
[EventDate "2023.10.04"]
[EventType "swiss"]
[EventCountry "GER"]
[SourceTitle "playchess.com"]
[Source "ChessBase"]
[SourceQuality "1"]
[TimeControl "40/5400+30:1800+30"]

1. e4 c5 2. Nf3 d6 3. d4 cxd4 4. Nxd4 Nf6 5. Nc3 a6 6. Be2 e6 7. O-O Be7 8. f4 Qc7 9. Be3 Nbd7 10. Bf3 Nb6 11. Kh1 Nc4 12. Bc1 O-O 13. b3 Na5 14. Bb2 Re8 15. Qe1 e5 16. Nde2 Bf8 17. Rd1 Nc6 18. Qh4 Ne7 19. fxe5 dxe5 20. Rd2 Ng6 21. Qg3 b5 22. a4 bxa4 23. Nxa4 Bb7 24. Nac3 Bb4 25. Rd4 Qe7 26. Rdd1 Rac8 27. Qf2 Rc5 28. Qe3 Rec8 29. Qd3 a5 30. Rc1 Nf4 31. Nxf4 Rxc3 32. Bxc3 Rxc3 33. Qb5 exf4 34. e5 Ne4 35. Rcd1 h6 36. Qd7 Rc7 37. Qxe7 Rxe7 38. Be2 g5 39. Bc4 Nd2 0-1

[Event "26th OIBM 2023"]
[Site "Gmund am Tegernsee"]
[Date "2023.10.31"]
[Round "4.5"]
[White "Goldbeck, Lars"]
[Black "Golubka, Petro"]
[Result "1/2-1/2"]
[ECO "D38"]
[WhiteElo "2272"]
[BlackElo "2434"]
[Annotator "RC"]
[PlyCount "101"]
[EventDate "2023.10.04"]
[EventType "swiss"]
[EventCountry "GER"]
[SourceTitle "playchess.com"]
[Source "ChessBase"]
[SourceQuality "1"]
[TimeControl "40/5400+30:1800+30"]

1. d4 Nf6 2. c4 e6 3. Nc3 Bb4 4. e3 d5 5. Qa4+ Nc6 6. Bd2 O-O 7. Nf3 Bd7 8. Qc2 a5 9. a3 Bd6 10. c5 Be7 11. Bb5 Nb4 12. axb4 axb4 13. Rxa8 Qxa8 14. Bd3 bxc3 15. bxc3 Qa1+ 16. Qc1 Qxc1+ 17. Bxc1 Ba4 18. Ke2 b6 19. cxb6 cxb6 20. Bd2 Ne4 21. Rb1 Rb8 22. Be1 Nd6 23. Nd2 b5 24. c4 dxc4 25. Nxc4 Nxc4 26. Bxc4 b4 27. Kd3 b3 28. Kc3 Ba3 29. Bxb3 Bb4+ 30. Kc2 Bxe1 31. Bxa4 Rxb1 32. Kxb1 Bxf2 33. d5 exd5 34. Bb3 Bg1 35. h3 Bxe3 36. Bxd5 h5 37. Kc2 g6 38. Kd3 Bb6 39. g4 hxg4 40. hxg4 Kg7 41. Ke4 Bc7 42. g5 Ba5 43. Kf4 Bd2+ 44. Kg4 Bc1 45. Bc4 Bd2 46. Bd5 Bxg5 47. Kxg5 f6+ 48. Kg4 Kh6 49. Be4 f5+ 50. Bxf5 gxf5+ 51. Kxf5 1/2-1/2

[Event "26th OIBM 2023"]
[Site "Gmund am Tegernsee"]
[Date "2023.10.31"]
[Round "4.6"]
[White "Gopal G.N."]
[Black "Kurmangaliyeva, Liya"]
[Result "1-0"]
[ECO "C78"]
[WhiteElo "2573"]
[BlackElo "2236"]
[Annotator "TA"]
[PlyCount "73"]
[EventDate "2023.10.04"]
[EventType "swiss"]
[EventCountry "GER"]
[SourceTitle "playchess.com"]
[Source "ChessBase"]
[SourceQuality "1"]
[TimeControl "40/5400+30:1800+30"]

1. e4 e5 2. Nf3 Nc6 3. Bb5 a6 4. Ba4 Nf6 5. O-O Bc5 6. c3 b5 7. Bb3 d6 8. d4 Bb6 9. Be3 {[%emt 0:01:02] The modern move.} (9. a4 $5 ) 9... O-O {[%emt 0:00:38] C78: Ruy Lopez: Archangelsk and Möller Defences.} 10. Nbd2 Re8 11. Re1 exd4 {[%emt 0:34:55] The position is equal.} 12. cxd4 Bg4 13. h3 Bxf3 (13... Bh5 $1 $11) 14. Nxf3 $14 {[%emt 0:00:43] [#]} h6 $146 {[%emt 0:07:24] Repels Ng5} ({Predecessor:} 14... Rxe4 15. Bxf7+ Kh8 16. Rc1 Re7 17. Ng5 h6 18. Rxc6 hxg5 19. Bg6 Qd7 20. Qf3 g4 21. hxg4 Qxg4 22. Qxg4 Nxg4 {½-½ Markidis,K (2359)-Baldauf,M (2422) GRE-chT 44th 2016 (3.7)}) 15. Rc1 (15. Bf4 $5 ) 15... Na5 16. e5 Nxb3 (16... dxe5 {simplifies} 17. dxe5 Bxe3 18. Rxe3 Qxd1+ 19. Rxd1 Nxb3 20. Rxb3 Ne4) 17. Qxb3 ({Of course not} 17. axb3 Nd5 $11) 17... Nd7 18. exd6 cxd6 19. Rc6 Nf6 20. Rec1 Ra7 21. a4 Rb7 22. axb5 axb5 23. Qxb5 Rb8 24. Qf5 Ba5 25. R1c2 ({White should play} 25. Nh4) 25... Bb4 $16 26. Ra6 Re4 {[%emt 0:02:24] And now ...g6 would win.} 27. Rac6 {[%emt 0:02:42] Rc8 would be deadly. White has more active pieces.} Re8 $1 ({Don't take} 27... g6 28. Qc8 $16) 28. R6c4 Ba5 ({Black should try} 28... Qa5 $14 29. Qxa5 Bxa5) 29. d5 (29. Ra4 $142 Bc7 30. Ra7) 29... Bb6 {[%emt 0:00:00] [#]} (29... Qd7 $142 30. Qxd7 Nxd7) 30. Bxb6 (30. Nd4 $1 $16 {[%cal Rd4c6] Hoping for Nc6.} Ra8 31. Qf3) 30... Qxb6 $14 31. Rc6 $36 {[%emt 0:00:21][%mdl 2048] White is more active.} Qb4 32. Qd3 Ra8 33. g3 g6 (33... Ra5 $11 {is more appropriate.}) 34. Kg2 Ra5 {[%emt 0:00:20] [#]} 35. R6c4 $1 Qb7 (35... Qb5 $14) 36. Qc3 $1 $18 Rxd5 37. Rc7 {[%emt 0:00:08] Weighted Error Value: White=0.24 (precise) /Black=0.31} 1-0

[Event "26th OIBM 2023"]
[Site "Gmund am Tegernsee"]
[Date "2023.10.31"]
[Round "4.7"]
[White "Weber, Ulrich"]
[Black "Kraus, Sebastian"]
[Result "0-1"]
[ECO "D36"]
[WhiteElo "2349"]
[BlackElo "1904"]
[Annotator "RC"]
[PlyCount "110"]
[EventDate "2023.10.04"]
[EventType "swiss"]
[EventCountry "GER"]
[SourceTitle "playchess.com"]
[Source "ChessBase"]
[SourceQuality "1"]
[TimeControl "40/5400+30:1800+30"]

1. c4 e6 2. Nc3 d5 3. d4 Nf6 4. cxd5 exd5 5. Bg5 c6 6. e3 h6 7. Bh4 Be7 8. Bd3 O-O 9. Nge2 Re8 10. Qc2 Nbd7 11. O-O-O b5 12. Kb1 Nb6 13. Rhe1 Bd7 14. Nc1 b4 15. N3e2 Ne4 16. Bxe7 Qxe7 17. Ng3 a5 18. f3 Nxg3 19. hxg3 a4 20. Qc5 Rab8 21. e4 Qg5 22. Qd6 Be6 23. Re2 dxe4 24. fxe4 Bg4 25. Qxb4 Nd5 26. Qc5 Nb4 27. Qxg5 hxg5 28. e5 Rbd8 29. Bc4 Bxe2 30. Nxe2 Nd5 31. Bxd5 Rxd5 32. Nc3 Ra5 33. Ne4 f6 34. Nd6 Re6 35. Nc4 Rd5 36. Nb6 Rd8 37. exf6 gxf6 38. Nxa4 Re2 39. Nc3 Rxg2 40. Rd3 Rb8 41. Nd1 Kf7 42. a3 Ke6 43. Ka2 f5 44. a4 f4 45. gxf4 gxf4 46. a5 Rg3 47. Rd2 Rg5 48. Re2+ Kd6 49. a6 Ra5+ 50. Kb1 Rxa6 51. Nc3 Rf8 52. Ne4+ Kd5 53. Nc5 f3 54. Re7 f2 55. Rd7+ Kc4 0-1

[Event "26th OIBM 2023"]
[Site "Gmund am Tegernsee"]
[Date "2023.10.31"]
[Round "4.8"]
[White "Reimann, Sebastian"]
[Black "Navarro Jahnke, Leo"]
[Result "1-0"]
[ECO "A29"]
[WhiteElo "2342"]
[BlackElo "1884"]
[Annotator "RC"]
[PlyCount "119"]
[EventDate "2023.10.04"]
[EventType "swiss"]
[EventCountry "GER"]
[SourceTitle "playchess.com"]
[Source "ChessBase"]
[SourceQuality "1"]
[TimeControl "40/5400+30:1800+30"]

1. c4 e5 2. g3 Nc6 3. Bg2 Bc5 4. Nc3 Nf6 5. d3 O-O 6. Nf3 h6 7. O-O d6 8. b3 Be6 9. Bb2 a6 10. a3 Qd7 11. b4 Ba7 12. Ne1 Bh3 13. e3 Bxg2 14. Kxg2 Ne7 15. Qf3 c6 16. Nc2 Qf5 17. Qxf5 Nxf5 18. Ne4 Rad8 19. Nxf6+ gxf6 20. e4 Bd4 21. Ra2 Bxb2 22. Rxb2 Nd4 23. Nxd4 exd4 24. c5 d5 25. exd5 Rxd5 26. Re1 Re5 27. Rbe2 Rfe8 28. Rxe5 fxe5 29. f4 f6 30. Kf3 Kf7 31. fxe5 fxe5 32. Ke4 Ke6 33. Rf1 Rg8 34. Rf2 Rg4+ 35. Kf3 Rg7 36. g4 Rg6 37. h3 h5 38. gxh5 Rg5 39. h4 Rxh5 40. Kg4 Rh8 41. h5 Rg8+ 42. Kh4 Rg1 43. h6 Rh1+ 44. Kg5 Rh3 45. Rf6+ Ke7 46. Rg6 Kf7 47. Rg7+ Kf8 48. Rxb7 Rxd3 49. h7 Rh3 50. Kf6 Rh6+ 51. Kxe5 d3 52. Rb8+ Kg7 53. Rd8 Rh5+ 54. Ke4 Kxh7 55. Rxd3 a5 56. Rd7+ Kg6 57. Kd4 Rh4+ 58. Kc3 axb4+ 59. axb4 Rh3+ 60. Rd3 1-0

[Event "26th OIBM 2023"]
[Site "Gmund am Tegernsee"]
[Date "2023.10.31"]
[Round "4.9"]
[White "Nguyen, Alex Dac-Vuong"]
[Black "Bilandzic, Ante"]
[Result "1-0"]
[ECO "B14"]
[WhiteElo "2333"]
[BlackElo "1840"]
[Annotator "RC"]
[PlyCount "43"]
[EventDate "2023.10.04"]
[EventType "swiss"]
[EventCountry "GER"]
[SourceTitle "playchess.com"]
[Source "ChessBase"]
[SourceQuality "1"]
[TimeControl "40/5400+30:1800+30"]

1. e4 c6 2. d4 d5 3. exd5 cxd5 4. c4 Nf6 5. Nc3 e6 6. Nf3 Nc6 7. Bg5 Be7 8. c5 O-O 9. Bb5 Nd7 10. Bxe7 Qxe7 11. O-O a6 12. Qa4 Ndb8 13. Rfe1 Qc7 14. Bd3 Bd7 15. Qc2 f5 16. a3 Rf6 17. Na4 Be8 18. Nb6 Ra7 19. Nxd5 exd5 20. Rxe8+ Kf7 21. Rae1 Qf4 22. Qb3 1-0

[Event "26th OIBM 2023"]
[Site "Gmund am Tegernsee"]
[Date "2023.10.31"]
[Round "4.10"]
[White "Mastrovasilis, Dimitrios"]
[Black "Kulon, Klaudia"]
[Result "1-0"]
[ECO "B30"]
[WhiteElo "2573"]
[BlackElo "2319"]
[Annotator "TA"]
[PlyCount "87"]
[EventDate "2023.10.04"]
[EventType "swiss"]
[EventCountry "GER"]
[SourceTitle "playchess.com"]
[Source "ChessBase"]
[SourceQuality "1"]
[TimeControl "40/5400+30:1800+30"]

1. e4 c5 2. Nf3 Nc6 3. Bb5 e5 4. O-O Bd6 5. a3 Nf6 6. d3 {[%emt 0:01:34] B30: Sicilian: 2...Nc6 3 Bb5, lines without ...g6.} a6 7. Bc4 {[%emt 0:01:26] [#]} O-O $146 ({Predecessor:} 7... b5 8. Ba2 h6 9. Nc3 O-O 10. Nh4 Nd4 11. Ng6 Re8 12. f4 exf4 13. Nxf4 Ne6 {1-0 Vlachos,A (2443)-Msellek,I (2353) Guimaraes op 2021 (7)}) 8. Nc3 {[%emt 0:02:14] The position is equal.} Be7 9. Nd5 Nxd5 10. Bxd5 d6 11. c3 Be6 12. b4 cxb4 13. Bxe6 fxe6 14. axb4 d5 15. Bb2 d4 16. cxd4 exd4 {[%emt 0:00:11] [#]} 17. b5 $1 axb5 18. Rxa8 Qxa8 19. Qb3 (19. Bxd4 $2 {loses.} Rxf3 20. Bxg7 Rf7 $19) 19... Kh8 20. Nxd4 ({Worse is} 20. Bxd4 Rxf3 21. Bxg7+ Kxg7 $17) 20... Nxd4 21. Bxd4 Qa6 (21... Qd8 $142 22. Qxe6 Qxd4 23. Qxe7 Kg8) 22. Qb2 $16 Bf6 {[%emt 0:01:08] [#]} 23. Bxf6 $1 gxf6 {[%emt 0:00:34][%mdl 4096] Endgame KQR-KQR} 24. Rb1 Rf7 25. Qxb5 {[%emt 0:01:56] White is more active.} Qd6 (25... Qxb5 $16 26. Rxb5 Rd7) 26. g3 $18 Kg7 27. Kg2 Rd7 28. Rb3 e5 29. h4 Qe6 30. Rc3 Qd6 31. Rb3 Qe6 $1 32. Rc3 Qd6 33. Qa4 Rf7 34. Qd1 Qe6 35. Rb3 Rd7 $2 (35... Qc6 36. Qg4+ Kf8) 36. Rb5 (36. Rb6 $142 Rd6 37. Rxb7+ Rd7 38. Rb6) 36... Kf7 37. Qb1 Qa6 (37... Qe7 38. Rb6 Kg7) 38. Qb3+ Kg7 39. h5 Rf7 $2 (39... h6 40. g4 Kh7) 40. Rb6 Qa8 {[%emt 0:00:03] [#]} 41. h6+ $1 Kg6 (41... Kf8 42. Qb4+) 42. Qe6 Qd8 43. Qg4+ Kxh6 44. Rb1 {[%emt 0:00:00] Weighted Error Value: White=0.17 (very precise) /Black=0.32} 1-0

[Event "26th OIBM 2023"]
[Site "Gmund am Tegernsee"]
[Date "2023.10.31"]
[Round "4.11"]
[White "Lavrencic, Matic"]
[Black "Van Foreest, Lucas"]
[Result "1/2-1/2"]
[ECO "B15"]
[WhiteElo "2319"]
[BlackElo "2540"]
[Annotator "TA"]
[PlyCount "48"]
[EventDate "2023.10.04"]
[EventType "swiss"]
[EventCountry "GER"]
[SourceTitle "playchess.com"]
[Source "ChessBase"]
[SourceQuality "1"]
[TimeControl "40/5400+30:1800+30"]

1. e4 c6 2. d4 d5 3. Nc3 dxe4 4. Nxe4 Nf6 5. Qd3 Nxe4 6. Qxe4 {[%emt 0:00:20] B15: Caro-Kann: 3 Nc3: 3...g6 and 3...dxe4 4 Nxe4 Nf6 5 Nxf6+ exf6.} Nd7 7. Nf3 Nf6 8. Qf4 Qa5+ 9. Bd2 Qf5 10. Bd3 Qxf4 11. Bxf4 Bg4 12. Ne5 e6 13. Nxg4 Nxg4 14. c3 {[%emt 0:00:32] [#]} O-O-O $146 ({Predecessor:} 14... Nf6 15. a4 O-O-O 16. O-O-O Bd6 17. Bd2 e5 18. dxe5 Bxe5 19. Be3 a6 20. Bb6 Bc7 {1-0 Oparin,G (2683)-Lenderman,A (2535) Chess.com Rapid Wk25 Swiss 2022 (6)}) 15. Be2 {[%emt 0:04:25] A strong pair of Bishops.} Nf6 16. Bf3 Bd6 17. Bg5 Be7 18. O-O-O Nd5 19. Bd2 h5 20. h4 g6 21. g3 Bf6 22. Kc2 Bg7 23. Rhe1 Rd7 24. Bg5 Bh6 {[%emt 0:05:47] Weighted Error Value: White=0.05 (flawless) /Black=0.06 (flawless)} 1/2-1/2

[Event "26th OIBM 2023"]
[Site "Gmund am Tegernsee"]
[Date "2023.10.31"]
[Round "4.12"]
[White "Forchert, Martin"]
[Black "Kulaots, Kaido"]
[Result "0-1"]
[ECO "B40"]
[WhiteElo "2317"]
[BlackElo "2508"]
[Annotator "RC"]
[PlyCount "118"]
[EventDate "2023.10.04"]
[EventType "swiss"]
[EventCountry "GER"]
[SourceTitle "playchess.com"]
[Source "ChessBase"]
[SourceQuality "1"]
[TimeControl "40/5400+30:1800+30"]

1. e4 c5 2. Nf3 e6 3. g3 Nc6 4. Bg2 Nf6 5. Qe2 e5 6. O-O Be7 7. Nc3 d6 8. Nd5 O-O 9. c3 Nxd5 10. exd5 Nb8 11. d4 exd4 12. cxd4 Na6 13. dxc5 Nxc5 14. Nd4 Bf6 15. Be3 Bd7 16. Rad1 a5 17. Rfe1 a4 18. Qd2 Re8 19. h3 h6 20. Kh2 Qb6 21. Qc2 Rac8 22. Qd2 Ra8 23. Rc1 Re7 24. b4 axb3 25. Nxb3 Nxb3 26. axb3 Qxb3 27. Rb1 Qa3 28. Rec1 Bf5 29. Rb6 Ra6 30. Rb4 Qa2 31. Qxa2 Rxa2 32. Kg1 Rb2 33. Ra4 b5 34. Ra6 Be5 35. g4 Bd3 36. Rb6 b4 37. Bf1 Bxf1 38. Kxf1 b3 39. Kg2 Kh7 40. Kf3 Rd7 41. Rcc6 Rb1 42. Rc1 Rxc1 43. Bxc1 Rc7 44. Ba3 Rc3+ 45. Ke4 Rc4+ 46. Ke3 Bd4+ 47. Kd3 Bxb6 48. Kxc4 Bc5 49. Bc1 Bxf2 50. Kxb3 g5 51. Kc4 Kg6 52. Kd3 f5 53. Ke2 Bd4 54. Kf3 h5 55. Bd2 Be5 56. Ba5 fxg4+ 57. hxg4 h4 58. Kg2 Bf4 59. Bc3 Kf7 0-1

[Event "26th OIBM 2023"]
[Site "Gmund am Tegernsee"]
[Date "2023.10.31"]
[Round "4.13"]
[White "Vetoshko, Volodymyr"]
[Black "Baerwinkel, Tobias"]
[Result "1-0"]
[ECO "B23"]
[WhiteElo "2499"]
[BlackElo "2315"]
[Annotator "RC"]
[PlyCount "59"]
[EventDate "2023.10.04"]
[EventType "swiss"]
[EventCountry "GER"]
[SourceTitle "playchess.com"]
[Source "ChessBase"]
[SourceQuality "1"]
[TimeControl "40/5400+30:1800+30"]

1. e4 c5 2. Nc3 d6 3. d4 cxd4 4. Qxd4 Nc6 5. Qd2 g6 6. b3 Bh6 7. f4 Nf6 8. Bb2 O-O 9. O-O-O e5 10. g3 Re8 11. Kb1 Nd4 12. Qf2 Bg4 13. Re1 Rc8 14. h3 Bd7 15. Nf3 Bg7 16. fxe5 Nxf3 17. Qxf3 Rxe5 18. Bd3 Qa5 19. Ne2 d5 20. Bxe5 dxe4 21. Qf4 Nh5 22. Qxe4 Bxe5 23. Qxb7 Rxc2 24. Kxc2 Qxa2+ 25. Kd1 Qa1+ 26. Nc1 Bb2 27. Qxd7 Qxc1+ 28. Ke2 Nxg3+ 29. Kf3 Qg5 30. h4 1-0

[Event "26th OIBM 2023"]
[Site "Gmund am Tegernsee"]
[Date "2023.10.31"]
[Round "4.14"]
[White "Ghazarian, Kirk"]
[Black "Bracker, Arne"]
[Result "1-0"]
[ECO "A28"]
[WhiteElo "2473"]
[BlackElo "2279"]
[Annotator "RC"]
[PlyCount "83"]
[EventDate "2023.10.04"]
[EventType "swiss"]
[EventCountry "GER"]
[SourceTitle "playchess.com"]
[Source "ChessBase"]
[SourceQuality "1"]
[TimeControl "40/5400+30:1800+30"]

1. c4 Nf6 2. Nc3 e5 3. Nf3 Nc6 4. e4 Bb4 5. d3 d6 6. a3 Bc5 7. b4 Bb6 8. Na4 Bd4 9. Rb1 Bg4 10. Be2 Bxf3 11. Bxf3 a6 12. Bd2 h5 13. Nc3 Ng4 14. Bxg4 Qh4 15. Bd7+ Kxd7 16. Qf3 Bxc3 17. Bxc3 Ke7 18. c5 Rh6 19. O-O Qg4 20. Qe3 Rg6 21. cxd6+ Kf8 22. g3 Rxd6 23. Rbd1 Rad8 24. Rd2 h4 25. f4 hxg3 26. hxg3 Rg6 27. Kg2 exf4 28. Rxf4 Qg5 29. Rdf2 Kg8 30. d4 f6 31. Bb2 Rh6 32. e5 Rf8 33. Qe4 Qh5 34. Rh4 Qg6 35. Qd5+ Kh7 36. Rxh6+ Kxh6 37. Qf3 Qg5 38. Qe4 f5 39. Qd3 g6 40. d5 Rd8 41. Qc4 f4 42. Rxf4 1-0

[Event "26th OIBM 2023"]
[Site "Gmund am Tegernsee"]
[Date "2023.10.31"]
[Round "4.15"]
[White "Schneider, Ilja"]
[Black "Neukirchner, Pascal"]
[Result "1-0"]
[ECO "B23"]
[WhiteElo "2468"]
[BlackElo "2265"]
[Annotator "RC"]
[PlyCount "69"]
[EventDate "2023.10.04"]
[EventType "swiss"]
[EventCountry "GER"]
[SourceTitle "playchess.com"]
[Source "ChessBase"]
[SourceQuality "1"]
[TimeControl "40/5400+30:1800+30"]

1. e4 c5 2. Nc3 Nc6 3. Bb5 Nd4 4. Nf3 a6 5. Bd3 g6 6. O-O Bg7 7. Re1 Nh6 8. Nd5 d6 9. Nxd4 cxd4 10. c3 O-O 11. Qb3 e6 12. Nb6 Ng4 13. Rf1 Rb8 14. Be2 Nxh2 15. Kxh2 Qh4+ 16. Kg1 Be5 17. f4 d3 18. Bxd3 Bxf4 19. Rxf4 Qxf4 20. Qc4 Qe5 21. Bf1 d5 22. d4 Qd6 23. Qc5 Qg3 24. Bh6 Re8 25. e5 g5 26. Qc7 Qh4 27. Qxb8 Qxh6 28. Be2 g4 29. Bxg4 Qe3+ 30. Kh1 Bd7 31. Qxb7 Bb5 32. Nd7 Qh6+ 33. Bh3 Bd3 34. Nf6+ Kf8 35. Qb4+ 1-0